 Dungeon Crawl Stone Soup version 0.31-a0-1522-g43313d8a59 (webtiles) character file.

Game seed: 18025814187832895430

117 AstroCodex24 the Trooper (level 4, -4/38 HPs)
             Began as a Demigod Fighter on Dec 30, 2023.
             Killed by nerve-wracking pain
             ... invoked by Grinder
              (10 damage)
             ... on level 4 of the Dungeon.
             The game lasted 00:02:15 (548 turns).

AstroCodex24 the Trooper (Demigod Fighter)           Turns: 548, Time: 00:02:17

Health: -4/38      AC:  6    Str: 21    XL:     4   Next: 44%
Magic:  6/6        EV:  9    Int: 10    God:
Gold:   13         SH:  4    Dex: 13    Spells: 3/3 levels left

rFire   . . .        a - +0 war axe
rCold   . . .        c - +0 buckler
rNeg    . . .        b - +0 scale mail
rPois   .            (no helmet)
rElec   .            (no cloak)
rCorr   .            (no gloves)
SInv    .            (no boots)
Will    .....        (no amulet) Stlth
                     (no ring)
HPRegen 0.26/turn    (no ring)
MPRegen 0.10/turn

%: no passive effects
@: no status effects
A: high MP 1, forlorn, divine attributes
a: no special abilities


You were on level 4 of the Dungeon.
You visited 1 branch of the dungeon, and saw 4 of its levels.

You collected 13 gold pieces.

Inventory:

Hand Weapons
 a - a +0 war axe (weapon)
Armour
 b - a +0 scale mail (worn)
 c - a +0 buckler (worn)
Jewellery
 h - a ring of ice
Wands
 j - a wand of roots (8)
Scrolls
 e - 2 scrolls of identify {unknown}
 g - a scroll of brand weapon {unknown}
 k - a scroll of revelation {unknown}
Potions
 d - a potion of might
 f - a potion of heal wounds {unknown}
 i - 2 potions of degeneration {unknown}


   Skills:
 + Level 3.3 Fighting
 + Level 3.3 Axes
 + Level 3.2 Armour
 + Level 0.1 Dodging
 + Level 3.1 Shields


You had 3 spell levels left.
You didn't know any spells.
Your spell library was empty.

Dungeon Overview and Level Annotations

Branches:
Dungeon (4/15)
 Temple: D:4-7

Annotations:
D:4 Grinder


Innate Abilities, Weirdness & Mutations

You have an increased reservoir of magic. (+10% MP)
You shall have no god before yourself.
Your divine heritage dramatically boosts your attributes as you level up.


Message History

An iguana comes into view.
The iguana hisses angrily.
The iguana closely misses you.
You hit the iguana.
The iguana is moderately wounded.
The iguana closely misses you. The iguana bites you.
You hit the iguana.
The iguana is severely wounded.
You hit the iguana but do no damage. The iguana bites you.
The iguana hisses menacingly.
The iguana closely misses you.
You slash the iguana!
You kill the iguana!
You hit the iguana. The iguana bites you. You block the iguana's attack.
You block the iguana's attack.
Grinder comes into view.
Grinder shouts!
Grinder hits you.
You writhe in agony.
You slash the iguana!
The iguana is almost dead.
You barely miss Grinder. You block Grinder's attack.
You block the iguana's attack. Grinder hits you.
You writhe in agony.
The iguana bites you.
You closely miss the iguana.
The iguana is almost dead.
You hit Grinder. The iguana bites you.
Grinder blinks!
You hit the iguana but do no damage.
The iguana is almost dead.
The iguana bites you!
* * * LOW HITPOINT WARNING * * *
You barely miss the iguana.
The iguana is almost dead.
Grinder blinks!
You block the iguana's attack. The iguana bites you.
* * * LOW HITPOINT WARNING * * *
Grinder says, "Don't move a muscle."
Grinder gestures at you. Pain shoots through your body!
You die...
Grinder says, "Hey, I wasn't done torturing you yet!"

#########+##############
........................
.......5................
........................
.....ยงยง.................
.......@l...............
####'##################.
#. #. +. #. #. ..


You could see Grinder and an iguana.

Vanquished Creatures
  A jelly (D:4)
  A hound (D:4)
  An iguana (D:4)
  An adder (D:4)
  A dart slug (D:4)
  An endoplasm (D:4)
  A goblin (D:1)
  3 hobgoblins
  A quokka (D:4)
  3 ball pythons
  2 frilled lizards (D:3)
  5 kobolds
  A rat (D:1)
22 creatures vanquished.

Notes
Turn   | Place    | Note
-------+----------+-------------------------------------------
     0 | D:1      | AstroCodex24 the Demigod Fighter began the quest for the
                  | Orb.
     0 | D:1      | Reached XP level 1. HP: 18/18 MP: 3/3
   254 | D:3      | Reached XP level 2. HP: 25/25 MP: 4/4
   394 | D:4      | Reached XP level 3. HP: 23/31 MP: 5/5
   457 | D:4      | Reached XP level 4. HP: 24/38 MP: 6/6
   541 | D:4      | Noticed Grinder
   548 | D:4      | Killed from afar by Grinder

Illustrated notes

Levels and vault maps discovered:
D:1:      dpeg_arrival_tiny_c, layout_basic,
          wander_ebering_terrifying_dragon_lair
D:2:      layout_basic, shapermc_ecumenical_altar_mp_ritualfount,
          hangedman_decor_growths, serial_bayou_lagoon_a
D:3:      layout_loops_cross, kennysheep_generic_room_10
D:4:      layout_gridville, uniq_grinder, uniq_edmund, uniq_menkaure

Skill      XL: |  1  2  3  4 |
---------------+-------------+-----
Axes           | 2 3 |  3.3
Fighting       | 3 |  3.3
Armour         | 3 |  3.2
Shields        | 3 |  3.1
Dodging        | |  0.1

Action                     |  1- 3 |  4- 6 || total
---------------------------+-------+-------++-------
  Melee: War axe           |    54 |    12 ||    66
 Armour: Scale mail        |    40 |    14 ||    54
  Dodge: Dodged            |    22 |     6 ||    28
  Block: Buckler           |    11 |     9 ||    20

Table legend: (Time is in decaauts)
 A = Elapsed time spent in this place.
 B = Non-inter-level travel time spent in this place.
 C = Inter-level travel time spent in this place.
 D = Time resting spent in this place.
 E = Time spent auto-exploring this place.
 F = Levels seen in this place.
 G = Mean time per level.
                   A        B        C        D        E       F      G
               +--------+--------+--------+--------+--------+-----+--------+
         Total |    575 |    545 |     30 |      0 |      0 |   4 |  143.8 |
       Dungeon |    575 |    545 |     30 |      0 |      0 |   4 |  143.8 |
               +--------+--------+--------+--------+--------+-----+--------+

Top non-repeatable levels by time:
     D:4: 236 daAuts
     D:3: 187 daAuts
     D:1: 85 daAuts
     D:2: 66 daAuts
